 Dungeon Crawl Stone Soup version 0.28-a0-172-g787e458d71 (webtiles) character file.

Game seed: 2673765531887404025

261 finalDestination the Magician (level 6, 0/43 HPs)
             Began as a Djinni Conjurer on Aug 17, 2021.
             Slain by a centaur (2 damage)
             ... on level 4 of the Dungeon.
             The game lasted 00:06:44 (3407 turns).

finalDestination the Magician (Djinni Conjurer)     Turns: 3407, Time: 00:06:45

Health: 0/43       AC:  2    Str:  6    XL:     6   Next: 41%
Gold:   12         EV: 12    Int: 21    God:
                   SH:  0    Dex: 12

rFire   + + .      SeeInvis .   (no weapon)
rCold   x . .      Faith    .   (no shield)
rNeg    . . .      Spirit   .   a - +0 robe
rPois   ∞          Reflect  .   (no helmet)
rElec   .          Harm     .   (no cloak)
rCorr   .          Rampage  .   (no gloves)
Will    .....                   (boots unavailable)
Stlth   ++........              (no amulet)
HPRegen 0.14/turn               (no ring)
MPRegen 0.00/turn               (no ring)

@: flying
A: sickness immunity, fire resistance 2, cold vulnerability 1, float, innate
caster, hp casting, extra vitality 1
a: no special abilities


You were on level 4 of the Dungeon.
You visited 1 branch of the dungeon, and saw 4 of its levels.

You collected 12 gold pieces.

Inventory:

Armour
 a - a +0 robe (worn)


   Skills:
 - Level 2.0 Fighting
 - Level 2.1 Dodging
 - Level 1.5 Stealth
 * Level 5.4 Spellcasting


You couldn't memorise any spells.
You knew the following spells:

 Your Spells              Type           Power      Damage    Failure   Level
a - Magic Dart            Conj           100%       1d8       1%          1
b - Searing Ray           Conj           56%        3d5       1%          2
c - Dazzling Flash        Conj/Hex       56%        N/A       3%          3
d - Fulminant Prism       Conj/Hex       14%        3d9       11%         4
e - Iskenderun's Mystic   Conj/Tloc      28%        2d7       11%         4
f - Animate Skeleton      Necr           56%        N/A       1%          1
g - Slow                  Hex            28%        N/A       1%          2
Your spell library was empty.

Dungeon Overview and Level Annotations

Branches:
Dungeon (4/15)
 Temple: D:4-7

Altars:
The Shining One

Shops:
D:1 [


Innate Abilities, Weirdness & Mutations

You are immune to sickness and miasma.
You are immune to poison.
Your flesh is very heat resistant. (rF++)
You are vulnerable to cold. (rC-)
You float through the air rather than walking.
You learn spells naturally, not from books.
Your magical power is your life essence.
You have superior vitality. (+4 HP)


Message History

Press: ? - help, Q - select action, (/) - cycle Shift-Dir - straight line, f - endoplasm
Aim: an endoplasm (asleep, 100% to hit)
The magic dart hits the endoplasm!
You kill the endoplasm!
Unknown command.
Aiming: Magic Dart (safe; 1% risk of failure)
Press: ? - help, Q - select action, (/) - cycle Shift-Dir - straight line, f - you
Okay, then.
Unknown command.
Unknown command.
Found 16 stones.
A centaur comes into view.
The centaur moves out of view.
Found an escape hatch in the floor.
A centaur is nearby!
Casting: Magic Dart (safe; 1% risk of failure)
Confirm with . or Enter, or press ? or * to list all spells.
Okay, then.
Unknown command.
The centaur shouts!
The centaur wields a +1 shortbow of flaming.
It bursts into flame!
The centaur shoots an arrow.
The arrow hits you!
The centaur shoots an arrow.
The arrow hits you!
The centaur shoots an arrow.
The arrow hits you!
The centaur shoots an arrow.
The arrow hits you!
The centaur shoots an arrow.
The arrow hits you!
* * * LOW HITPOINT WARNING * * *
The arrow burns you.
* * * LOW HITPOINT WARNING * * *
The centaur unwields a +1 shortbow of flaming.
It stops flaming.
The centaur closely misses you. The centaur kicks you.
* * * LOW HITPOINT WARNING * * *
Unknown command.
You hit the centaur.
The centaur is lightly wounded.
The centaur barely misses you. The centaur completely misses you.
You hit the centaur but do no damage.
The centaur is lightly wounded.
The centaur hits you.
You die...

#....... #.......
....... ##.....
####...... # ######.
.....# ### .......
##..## ###..
###...c###....## ##....
.......@#......####.....
............##..##......
...........####.........
.....(....## #.........
.........## #.........
..>.....## #..........
........# #...........
.......## #............
#...... #............


You could see a centaur.

Vanquished Creatures
  A black bear (D:3)
  A phantom (D:3)
  4 adders (D:2)
  A worm (D:2)
  An orc (D:3)
  4 endoplasms
  4 goblins
  6 hobgoblins
  6 jackals
  6 kobolds
  A quokka (D:1)
  3 ball pythons
  3 bats
  3 frilled lizards
  5 rats
49 creatures vanquished.

Vanquished Creatures (others)
  2 fulminant prisms (D:3)
2 creatures vanquished.

Grand Total: 51 creatures vanquished

Notes
Turn   | Place    | Note
-------+----------+-------------------------------------------
     0 | D:1      | finalDestination the Djinni Conjurer began the quest for
                  | the Orb.
     0 | D:1      | Reached XP level 1. HP: 15/15 MP: 0/0
   222 | D:1      | You are sucked into a shaft and drop 1 floor!
   222 | D:2      | Found a glowing golden altar of the Shining One.
   347 | D:2      | Reached XP level 2. HP: 16/22 MP: 0/0
   506 | D:2      | Reached skill level 1 in Fighting
   537 | D:2      | Reached XP level 3. HP: 20/27 MP: 0/0
   537 | D:2      | Learned a level 1 spell: Animate Skeleton
  1209 | D:2      | Reached skill level 4 in Spellcasting
  1209 | D:2      | Reached XP level 4. HP: 28/33 MP: 0/0
  1541 | D:1      | Found Ezunk's Armour Shop.
  2282 | D:3      | Noticed a black bear
  2511 | D:3      | Noticed a phantom
  2526 | D:3      | Killed a phantom
  2527 | D:3      | Reached XP level 5. HP: 21/38 MP: 0/0
  2527 | D:3      | Learned a level 2 spell: Slow
  3194 | D:3      | Killed a black bear
  3195 | D:3      | Reached skill level 5 in Spellcasting
  3195 | D:3      | Reached XP level 6. HP: 35/43 MP: 0/0
  3405 | D:4      | HP: 2/43 [centaur (1)]
  3407 | D:4      | Slain by a centaur

Illustrated notes

Levels and vault maps discovered:
D:1:      dpeg_arrival_water_fire, layout_basic, serial_shops, shop
D:2:      layout_basic, basic_altar
D:3:      layout_loops_ring, minivault_27, kennysheep_generic_room_15
D:4:      layout_cave_pods, serial_shops, nicolae_lakefront_shop, minivault_11

Skill      XL: |  1  2  3  4  5 |
---------------+----------------+-----
Fighting       | 1 2 |  2.0
Spellcasting   | 4 5 |  5.4
Dodging        | |  2.1
Stealth        | |  1.5

Action                   |  1- 3 |  4- 6 || total
-------------------------+-------+-------++-------
Melee: Unarmed           |       |     2 ||     2
 Cast: Magic Dart        |    31 |    34 ||    65
       Searing Ray       |     5 |    11 ||    16
       Fulminant Prism   |       |     2 ||     2
Armor: Robe              |     2 |     3 ||     5
Dodge: Dodged            |     3 |     9 ||    12

Table legend: (Time is in decaauts)
 A = Elapsed time spent in this place.
 B = Non-inter-level travel time spent in this place.
 C = Inter-level travel time spent in this place.
 D = Time resting spent in this place.
 E = Time spent auto-exploring this place.
 F = Levels seen in this place.
 G = Mean time per level.
                   A        B        C        D        E       F      G
               +--------+--------+--------+--------+--------+-----+--------+
         Total |   3408 |   3252 |    156 |   1031 |   1920 |   4 |  852.0 |
       Dungeon |   3408 |   3252 |    156 |   1031 |   1920 |   4 |  852.0 |
               +--------+--------+--------+--------+--------+-----+--------+

Top non-repeatable levels by time:
     D:2: 1369 daAuts
     D:3: 1038 daAuts
     D:1: 853 daAuts
     D:4: 146 daAuts
